 Dungeon Crawl Stone Soup version 0.28.0-47-ge53b351184 (console) character file.

Game seed: 14291754810777970756

47918 chujev the Warrior (level 14, -8/121 (126) HPs)
             Began as a Minotaur Chaos Knight on May 4, 2022.
             Was a Plaything of Xom.
             Mangled by Saint Roka
             ... wielding a +3 war axe of venom
              (25 damage)
             ... on level 2 of the Orcish Mines.
             The game lasted 00:57:54 (20074 turns).

chujev the Warrior (Minotaur Chaos Knight)         Turns: 20074, Time: 00:57:55

HP:   -8/121 (126)  AC: 25    Str: 20 (22) XL:     14   Next: 10%
MP:   13/13         EV:  8    Int:  3 (7)  God:    Xom [*.....]
Gold: 1569          SH: 11    Dex:  9 (13) Spells: 13/13 levels left

rFire   + . .      SeeInvis +   a - +4 demon blade (flame)
rCold   . . .      Faith    .   v - +0 kite shield
rNeg    . . .      Spirit   .   I - +2 plate armour {Will+}
rPois   .          Reflect  .   (helmet restricted)
rElec   .          Harm     .   C - +2 cloak of the Thief {*Fog Slay-2 SInv Stlth+}
rCorr   .          Rampage  .   Y - +1 pair of gloves {Dex+3}
Will    ++...                   (no boots)
Stlth   ..........              E - amulet of regeneration
HPRegen 1.10/turn               g - +4 ring of slaying
MPRegen 0.13/turn               l - +4 ring of slaying

@: silenced, studying Axes, lightly drained
A: horns 2, retaliatory headbutt, iridescent scales 1, deterioration 1, dopey 1,
fire resistance 1, frail 1, subdued magic 1, MP-powered wands
a: Renounce Religion


You were on level 2 of the Orcish Mines.
You worshipped Xom.
You were a special plaything of Xom.
You visited 3 branches of the dungeon, and saw 18 of its levels.
You also visited: Volcano.

You collected 1975 gold pieces.
You spent 406 gold pieces at shops.

Inventory:

Hand Weapons
 a - a +4 demon blade of flaming (weapon)
 b - a +2 short sword of speed
 c - a +0 falchion of chaos
Missiles
 r - 41 boomerangs (quivered)
 u - 10 silver boomerangs
 z - 57 poisoned darts
 J - 6 javelins
 W - 3 datura-tipped darts
Armour
 v - a +0 kite shield (worn)
 C - the +2 cloak of the Thief (worn) {*Fog Slay-2 SInv Stlth+}
   (You found it on level 9 of the Dungeon)

   It may release a thick cloud of smoke when the wearer is hurt.
   Slay:      It affects your accuracy & damage with ranged weapons and melee
   (-2).
   SInv:      It lets you see invisible.
   Stlth:     It makes you more stealthy.
 I - a +2 plate armour of willpower (worn)
 Y - a +1 pair of gloves of dexterity (worn)
Jewellery
 g - a +4 ring of slaying (left hand)
 i - a ring of see invisible
 l - a +4 ring of slaying (right hand)
 o - an amulet of faith
 x - a ring of ice
 y - an amulet of reflection
 E - an amulet of regeneration (around neck)
 K - a ring of protection from fire
 Q - a +4 ring of evasion
Wands
 B - a wand of acid (1)
 N - a wand of flame (21)
 O - a wand of mindburst (5)
 P - a wand of iceblast (3)
Scrolls
 f - 2 scrolls of fog
 h - a scroll of enchant armour
 j - 3 scrolls of magic mapping
 s - 2 scrolls of fear {unknown}
 L - 2 scrolls of summoning {unknown}
 R - a scroll of holy word {unknown}
 U - a scroll of vulnerability {unknown}
Potions
 d - 4 potions of cancellation
 k - 3 potions of lignification
 m - 5 potions of attraction
 q - 3 potions of flight {unknown}
 t - 3 potions of haste {unknown}
 F - 2 potions of invisibility {unknown}
 G - a potion of curing
 H - 2 potions of might {unknown}
 S - 2 potions of mutation
 T - a potion of ambrosia {unknown}
 V - 2 potions of brilliance {unknown}
 X - a potion of magic {unknown}
Miscellaneous
 M - a tin of tremorstones (2/2)


   Skills:
 * Level 17.0 Fighting
 + Level 12.5 Long Blades
 + Level 5.2 Throwing
 + Level 12.2 Armour
 + Level 11.0 Dodging
 - Level 11.0 Shields
 + Level 3.0 Evocations


You had 13 spell levels left.
You didn't know any spells.
Your spell library contained the following spells:

 Spells                   Type           Power      Damage    Failure   Level
 Slow                     Hex            0%         N/A       100%        1
 Sting                    Tmut/Pois      0%         1d3       100%        1
 Poisonous Vapours        Pois/Air       0%         N/A       100%        2
 Confusing Touch          Hex            0%         N/A       100%        3
 Conjure Flame            Conj/Fire      0%         6-21      100%        3
 Dazzling Flash           Conj/Hex       0%         N/A       100%        3
 Gell's Gravitas          Tloc           0%         N/A       100%        3
 Inner Flame              Hex/Fire       0%         N/A       100%        3
 Teleport Other           Tloc           0%         N/A       100%        3
 Vampiric Draining        Necr           0%         2d6       100%        3
 Cause Fear               Hex            0%         N/A       100%        4
 Iskenderun's Mystic Bla  Conj/Tloc      0%         2d3       100%        4
 Olgreb's Toxic Radiance  Pois           0%         N/A       100%        4
 Blade Hands              Tmut           0%         N/A       100%        5
 Irradiate                Conj/Tmut      0%         3d14      100%        5
 Dispersal                Tloc           0%         N/A       100%        6
 Starburst                Conj/Fire      0%         6d3       100%        6
 Dragon Form              Tmut           0%         N/A       100%        7
 Discord                  Hex            0%         N/A       100%        8
 Lehudib's Crystal Spear  Conj/Erth      0%         10d2      100%        8
 Fire Storm               Conj/Fire      0%         5d1       100%        9


Dungeon Overview and Level Annotations

Branches:
Dungeon (11/15)            Temple (0/1) D:6            Lair (5/6) D:10
 Shoals (0/4) Lair:3       Spider (0/4) Lair:3        Slime (0/5) Lair:5
    Orc (2/2) D:10            Elf (0/3) Orc:2       Volcano (visited)

Altars:
Ashenzari
Fedhas
Kikubaaqudgha
Vehumet
Xom
Beogh
Jiyva

Shops:
D:10 =   Orc:2 ([(

Annotations:
Orc:2 Saint Roka


Innate Abilities, Weirdness & Mutations

You have a pair of horns on your head.
You reflexively headbutt those who attack you in melee.
You are partially covered in iridescent scales. (AC +2)
Your body sometimes deteriorates upon taking damage.
You are dopey. (Int -2)
Your flesh is heat resistant. (rF+)
You are frail. (-10% HP)
Your spells are a little easier to cast, but a little less powerful.
You expend magic power (3 MP) to strengthen your wands.


Message History

Beogh smites you!
* * * LOW HITPOINT WARNING * * *
Saint Roka mumbles some strange prayers to Beogh against you.
Beogh smites you!
* * * LOW HITPOINT WARNING * * *
Okay, then.
Okay, then.
Saint Roka mumbles some strange prayers to Beogh against you.
Beogh smites you!
* * * LOW HITPOINT WARNING * * *
Your body deteriorates!
You feel weakened.
With a swish of your cloak, you release a cloud of fog.
You feel much better.
You hear Xom's maniacal laughter.
As you read the scroll labelled CIDUVONIQE, it crumbles to dust.
A profound silence engulfs you.
It was a scroll of silence.
You block the ufetubus's attack.
The ufetubus hits you but does no damage.
The white imp closely misses you. You furiously retaliate!
You headbutt the white imp. You block the white imp's attack.
You block the shadow imp's attack. The white imp barely misses you.
Magic scrolls do not work when you're silenced!
You don't know any spells.
Unknown command.
You closely miss the white imp. Your headbutt misses the white imp.
You block the ufetubus's attack. The ufetubus barely misses you.
You slash the white imp! You burn the white imp.
You kill the white imp!
The white imp disappears in a puff of smoke!
Xom plays with reality for a moment.
The white imp disappears!
The ufetubus disappears!
The white imp disappears!
The shadow imp disappears!
The iron imp disappears!
Saint Roka blinks!
The shadow imp disappears!
Saint Roka hits you with a +3 war axe of venom!
* * * LOW HITPOINT WARNING * * *
Your body deteriorates!
You feel weakened.
With a swish of your cloak, you release a cloud of fog.
Saint Roka hits you with a +3 war axe of venom!!
You die...
Xom bursts into laughter!

[......#########).## ##....#.##
.......##.._§§##[## ##...#...
.......#.§§§.§§#.# ##...###
.#.....#§§§)§§§#[## ##.##
.#.....#§§§#)###..# ###
..#....#§§§#...#§§##
.#.....#8.8#.8.#§§§#
.#.....#.∩.#))[#§o###############
#......######'##@§##............#
##..........).§§§§#..##########..
.##.###.####))§§§§§.###...#...###
.#...#### #.........# #...#...###
..#.## ##.....#.####...#...##∩
.#### #......[#)8##'###'##8. .##
#### ###...8[[).))......... ..#
##≈≈## ###....).....)8...... .##
#§§≈≈≈##....8.'...).........


You could see Saint Roka (fast).

Vanquished Creatures
  2 orc warlords
  A ghost moth (Volcano)
  Snorg (Lair:5)
  An ettin (Orc:1)
  A boulder beetle (Lair:5)
  4 hydras
  2 two-headed ogres
  A death yak (Lair:5)
  An orc high priest (Orc:2)
  Urug (Orc:2)
  A goliath frog (Lair:3)
  4 lindwurms
  An orc knight (Orc:2)
  3 orc sorcerers (Orc:2)
  9 elephants
  3 black mambas
  3 merfolk sirens (Lair:3)
  12 cane toads
  2 smoke demons (Volcano)
  2 torpor snails
  7 komodo dragons
  A kobold demonologist (D:9)
  5 rime drakes
  7 trolls
  A hornet (D:10)
  A merfolk (Lair:3)
  A polar bear (Lair:5)
  15 blink frogs
  4 wyverns
  19 yaks
  6 steam dragons
  6 wargs
  33 orc warriors
  9 water moccasins
  An ice beast (D:6)
  2 hell hounds (Volcano)
  A necrophage (D:4)
  2 black bears
  3 elephant zombies (Lair:3)
  4 sky beasts
  9 ogres
  8 wolves
  6 centaurs
  10 kobold brigands
  12 bullfrogs
  10 scorpions
  A gnoll sergeant (D:5)
  2 wyvern skeletons (D:7)
  A water moccasin skeleton (D:5)
  4 killer bees (D:9)
  6 howler monkeys
  2 electric eels (Lair:3)
  A centaur zombie (D:9)
  2 bullfrog zombies
  5 jellies
  2 hounds
  2 gnoll shamans
  19 orc priests
  A centaur skeleton (D:6)
  Terence (D:2)
  4 iguanas
  A scorpion zombie (D:5)
  14 orc wizards
  A hound skeleton (D:5)
  Robin (D:1)
  A howler monkey zombie (D:9)
  12 gnolls
  8 adders
  4 shadow imps
  A white imp (D:6)
  3 worms
  3 dart slugs
  60 orcs
  6 ball pythons
  9 endoplasms
  3 giant cockroaches
  21 goblins
  11 hobgoblins
  37 kobolds
  2 quokkas (D:3)
  5 bats
  A frilled lizard (D:1)
  8 kobold skeletons (D:9)
  10 kobold zombies (D:9)
  14 rats
527 creatures vanquished.

Vanquished Creatures (collateral kills)
  A hydra (Lair:1)
  A killer bee (D:9)
  A kobold (D:9)
3 creatures vanquished.

Vanquished Creatures (others)
  12 fungi
  16 plants
28 creatures vanquished.

Grand Total: 558 creatures vanquished

Notes
Turn   | Place    | Note
-------+----------+-------------------------------------------
     0 | D:1      | chujev the Minotaur Chaos Knight began the quest for the
                  | Orb.
     0 | D:1      | Reached XP level 1. HP: 19/19 MP: 0/0
   223 | D:1      | Reached XP level 2. HP: 7/27 MP: 1/1
   238 | D:1      | XOM: silly message
   244 | D:1      | XOM: silly message
   466 | D:1      | Reached skill level 4 in Fighting
   653 | D:1      | XOM: silly message
   861 | D:1      | XOM: cloud trail
   922 | D:1      | XOM: cast spell 'Summon Dragon'
  1055 | D:2      | Noticed Robin
  1067 | D:2      | Reached XP level 3. HP: 27/33 MP: 2/2
  1189 | D:1      | Killed Robin
  1196 | D:2      | XOM: enchant monster (bad)
  1598 | D:2      | Reached XP level 4. HP: 41/41 MP: 3/3
  1602 | D:2      | XOM: cast spell 'Leda's Liquefaction'
  1879 | D:2      | XOM: cloud trail
  1890 | D:2      | Reached skill level 5 in Fighting
  2021 | D:2      | Noticed Terence
  2029 | D:2      | XOM: smoke on damage
  2032 | D:2      | Killed Terence
  2033 | D:2      | Reached XP level 5. HP: 35/48 MP: 4/4
  2782 | D:3      | XOM: divination: detect creatures
  3181 | D:4      | Reached skill level 6 in Fighting
  3181 | D:4      | Reached XP level 6. HP: 45/57 MP: 5/5
  3238 | D:4      | Reached skill level 5 in Long Blades
  3422 | D:4      | Reached XP level 7. HP: 64/64 MP: 6/6
  3608 | D:4      | XOM: potion effect (haste)
  3617 | D:4      | Reached skill level 7 in Fighting
  3826 | D:5      | Entered Level 5 of the Dungeon
  3887 | D:5      | Reached skill level 5 in Armour
  3940 | D:5      | Reached skill level 1 in Shields
  4062 | D:5      | Reached XP level 8. HP: 48/74 MP: 7/7
  4062 | D:5      | Noticed a troll
  4094 | D:5      | XOM: enchant monster (good)
  4163 | D:4      | XOM: give mutation
  4163 | D:4      | Gained mutation: You have supernaturally acute eyesight.
                  | (SInv) [Xom's grace]
  4541 | D:5      | XOM: enchant monster (good)
  4544 | D:5      | XOM: destruction
  4547 | D:5      | XOM: summons 8 friendly demons
  4554 | D:5      | Killed a troll
  4555 | D:5      | Reached skill level 8 in Fighting
  4604 | D:5      | XOM: 8-stop teleportation journey
  4755 | D:5      | XOM: god gift: morningstar {god gift}
  4809 | D:5      | You fall into a shaft and drop 3 floors!
  4809 | D:8      | XOM: stealth player
  4857 | D:7      | XOM: stat loss: -1 Int (8/9)
  4952 | D:6      | Reached skill level 5 in Dodging
  5007 | D:6      | XOM: cleaving
  5211 | D:6      | Reached skill level 9 in Fighting
  5213 | D:6      | XOM: cleaving
  5222 | D:6      | Reached XP level 9. HP: 67/83 MP: 8/8
  5433 | D:6      | XOM: silly message
  5442 | D:6      | Reached skill level 5 in Shields
  5597 | D:6      | XOM: silly message
  5606 | D:6      | XOM: silly message
  5638 | D:6      | XOM: silly message
  5726 | D:6      | Found a staircase to the Ecumenical Temple.
  5806 | D:7      | XOM: 4-stop teleportation journey
  5834 | D:7      | XOM: 1-stop teleportation journey
  5896 | D:7      | XOM: give mutations
  5896 | D:7      | Gained mutation: You are weak. (Str -2) [Xom's mischief]
  5896 | D:7      | Gained mutation: You have hidden genetic defects. [Xom's
                  | mischief]
  5915 | D:7      | XOM: stat loss: -1 Str (18/19)
  5932 | D:7      | Lost mutation: You have supernaturally acute eyesight.
                  | (SInv) [potion of mutation]
  5932 | D:7      | Lost mutation: You have hidden genetic defects. [potion of
                  | mutation]
  5932 | D:7      | Lost mutation: You are weak. (Str -2) [potion of mutation]
  5932 | D:7      | Gained mutation: You are occasionally teleported next to
                  | monsters. [potion of mutation]
  5932 | D:7      | Gained mutation: Your spells are a little easier to cast,
                  | but a little less powerful. [potion of mutation]
  5992 | D:7      | XOM: polymorph iguana -> centaur
  6232 | D:7      | XOM: stat loss: -1 Int (8/9)
  6287 | D:7      | XOM: summons 4 hostile demons
  6493 | D:7      | Reached skill level 10 in Fighting
  6558 | D:7      | XOM: give mutations
  6558 | D:7      | Gained mutation: Armour fits poorly on your strangely
                  | shaped body. [Xom's mischief]
  6558 | D:7      | Gained mutation: You are weak. (Str -2) [Xom's mischief]
  6558 | D:7      | Gained mutation: You are very weak. (Str -4) [Xom's
                  | mischief]
  6558 | D:7      | Gained mutation: You expend magic power (3 MP) to
                  | strengthen your wands. [Xom's mischief]
  6559 | D:7      | Lost mutation: Armour fits poorly on your strangely shaped
                  | body. [potion of mutation]
  6559 | D:7      | Lost mutation: You are very weak. (Str -4) [potion of
                  | mutation]
  6559 | D:7      | Lost mutation: You are occasionally teleported next to
                  | monsters. [potion of mutation]
  6559 | D:7      | Gained mutation: You tend to lose your temper in combat.
                  | [potion of mutation]
  6559 | D:7      | Gained mutation: You are clumsy. (Dex -2) [potion of
                  | mutation]
  7286 | D:8      | XOM: 3-stop teleportation journey
  7315 | D:8      | XOM: summons friendly white imp
  7429 | D:8      | XOM: silly message
  7585 | D:8      | XOM: summons 2 hostile shadow creatures
  7850 | D:8      | XOM: stat loss: -1 Str (18/19)
  8245 | D:5      | XOM: summons 1 hostile shadow creature
  8255 | D:5      | XOM: silly message
  8477 | D:5      | XOM: summons 2 hostile demons
  8478 | D:5      | Noticed a smoke demon
  8508 | D:5      | XOM: silly message
  8602 | D:5      | XOM: give mutation
  8602 | D:5      | Lost mutation: You tend to lose your temper in combat.
                  | [Xom's mischief]
  8640 | D:7      | XOM: give mutations
  8640 | D:7      | Lost mutation: You are weak. (Str -2) [Xom's mischief]
  8640 | D:7      | Gained mutation: You are weak. (Str -2) [Xom's mischief]
  8640 | D:7      | Lost mutation: You are weak. (Str -2) [Xom's mischief]
  8640 | D:7      | Lost mutation: You are clumsy. (Dex -2) [Xom's mischief]
  8709 | D:9      | Found the +2 cloak of the Thief {*Fog Slay-2 SInv Stlth+}
  8903 | D:9      | XOM: summons friendly crimson imp
  8909 | D:9      | Reached XP level 10. HP: 89/94 MP: 9/9
  8932 | D:9      | XOM: silly message
  9144 | D:9      | Reached skill level 11 in Fighting
  9152 | D:9      | XOM: smoke on damage
  9158 | D:9      | XOM: scenery: 3 doors close
  9183 | D:9      | Found an ancient bone altar of Kikubaaqudgha.
  9264 | D:9      | XOM: silly message
  9393 | D:9      | XOM: summons 4 friendly demons
  9600 | D:9      | XOM: scenery: create altars
  9704 | D:9      | XOM: give mutations
  9704 | D:9      | Gained mutation: You have sharp fingernails. [Xom's grace]
  9704 | D:9      | Gained mutation: You are agile. (Dex +2) [Xom's grace]
  9831 | D:9      | Found a radiant altar of Vehumet.
  9915 | D:9      | Found a blossoming altar of Fedhas.
  9970 | D:10     | Entered Level 10 of the Dungeon
 10112 | D:10     | Found a staircase to the Lair.
 10120 | D:10     | XOM: cleaving
 10239 | D:10     | Found a staircase to the Orcish Mines.
 10241 | D:10     | XOM: give mutation
 10241 | D:10     | Gained mutation: You are partially covered in iridescent
                  | scales. (AC +2) [Xom's grace]
 10387 | D:10     | Noticed a two-headed ogre
 10394 | D:10     | Killed a two-headed ogre
 10395 | D:10     | Reached skill level 12 in Fighting
 10434 | D:10     | XOM: give mutations
 10434 | D:10     | Gained mutation: You have sharp toenails. [Xom's grace]
 10434 | D:10     | Gained mutation: Your movements are slightly less
                  | encumbered by armour. (ER -2) [Xom's grace]
 10434 | D:10     | Gained mutation: You have a pair of large horns on your
                  | head. [Xom's grace]
 10434 | D:10     | Gained mutation: You are strong-willed. (Will+) [Xom's
                  | grace]
 10590 | D:10     | Found a broken altar of Ashenzari.
 10599 | D:10     | XOM: 8-stop teleportation journey
 10605 | D:10     | XOM: give mutations
 10605 | D:10     | Gained mutation: You are highly strong-willed. (Will++)
                  | [Xom's grace]
 10605 | D:10     | Gained mutation: You are robust. (+10% HP) [Xom's grace]
 10605 | D:10     | Gained mutation: Your flesh is heat resistant. (rF+) [Xom's
                  | grace]
 10736 | D:10     | Found Gawuk's Jewellery Boutique.
 10746 | D:10     | Bought an amulet of regeneration for 390 gold pieces
 10762 | D:10     | Noticed an eight-headed hydra
 10765 | D:10     | XOM: enchant monster (bad)
 10772 | D:10     | Killed an eight-headed hydra
 10831 | D:10     | XOM: god gift: 19 stones
 10839 | D:10     | XOM: polymorph kobold -> endoplasm
 11029 | Lair:1   | Entered Level 1 of the Lair of Beasts
 11033 | Lair:1   | XOM: divination: detect items
 11034 | Lair:1   | XOM: potion effect (brilliance)
 11038 | Lair:1   | Reached XP level 11. HP: 115/115 MP: 10/10
 11163 | Lair:1   | XOM: noise
 11316 | Lair:1   | XOM: 5-stop teleportation journey
 11336 | Lair:1   | Reached skill level 13 in Fighting
 11340 | Lair:1   | XOM: enchant monster (good)
 11421 | Lair:1   | XOM: god gift: tin of tremorstones (2/2)
 11431 | Lair:1   | XOM is BORED!
 11431 | Lair:1   | XOM: give mutations
 11431 | Lair:1   | Lost mutation: You have sharp fingernails. [Xom's mischief]
 11431 | Lair:1   | Lost mutation: You are highly strong-willed. (Will++)
                  | [Xom's mischief]
 11573 | Lair:1   | You fall into a shaft and drop 1 floor!
 11737 | Lair:1   | Noticed a four-headed hydra
 11743 | Lair:1   | XOM: summons 2 friendly demons
 11747 | Lair:1   | Killed a four-headed hydra
 12029 | Lair:2   | Got the Grimoire of Fire and the Rocks
 12057 | Lair:2   | XOM: enchant monster (good)
 12121 | Lair:2   | XOM: summons 2 friendly demons
 12138 | Lair:2   | Reached skill level 10 in Long Blades
 12180 | Lair:2   | XOM: cast spell 'Dispersal'
 12195 | Lair:2   | XOM: god gift: scroll labelled OGARAR VAMENYU {god gift}
 12230 | Lair:2   | XOM: swap monsters
 12233 | Lair:2   | XOM: fog
 12234 | Lair:2   | XOM: summons 3 hostile shadow creatures
 12238 | Lair:2   | XOM: draining
 12248 | Lair:2   | XOM: potion effect (brilliance)
 12253 | Lair:2   | XOM: polymorph wyvern -> scorpion
 12692 | Lair:2   | XOM: scenery: create altars
 12825 | Lair:2   | XOM: scenery: create altars
 12867 | Lair:3   | Reached skill level 14 in Fighting
 12939 | Lair:3   | XOM: fog
 12943 | Lair:3   | XOM: 1-stop teleportation journey
 12952 | Lair:3   | Reached skill level 10 in Armour
 12957 | Lair:3   | Reached XP level 12. HP: 128/128 MP: 11/11
 12960 | Lair:3   | XOM: destruction
 12963 | Lair:3   | XOM: god gift: scroll labelled HOPHYC UTRI {god gift}
 12967 | Lair:3   | XOM: cleaving
 12973 | Lair:3   | Found a staircase to the Shoals.
 13161 | Lair:3   | Found a hole to the Spider Nest.
 13557 | Lair:3   | XOM: summons friendly shadow imp
 13559 | Lair:3   | XOM: polymorph necromancer -> tyrant leech
 13562 | Lair:3   | XOM: polymorph tyrant leech -> goliath frog
 13603 | Lair:3   | XOM: silly message
 13727 | Lair:3   | XOM: god gift: bloodstained chain mail {god gift}
 13727 | Lair:3   | Identified the +0 chain mail "Luthry" {Rampage} (Xom gifted
                  | it to you on level 3 of the Lair of Beasts)
 13770 | Lair:3   | XOM is BORED!
 13956 | Lair:3   | XOM: stat loss: -1 Dex (11/12)
 14073 | Lair:4   | XOM: blink monster(s)
 14080 | Lair:4   | Reached skill level 1 in Throwing
 14095 | Lair:4   | Reached skill level 15 in Fighting
 14100 | Lair:4   | XOM: summons friendly shadow imp
 14102 | Lair:4   | XOM: scenery: create altars
 14103 | Lair:4   | XOM: noise
 14168 | Lair:4   | XOM: summons 2 hostile shadow creatures
 14378 | Lair:4   | XOM: 4-stop teleportation journey
 14414 | Lair:4   | XOM: enchant monster (good)
 14434 | Lair:4   | XOM: cleaving
 14441 | Lair:4   | Reached skill level 10 in Shields
 14511 | Lair:4   | Noticed a four-headed hydra
 14511 | Lair:4   | XOM: swap monsters
 14517 | Lair:4   | Killed a four-headed hydra
 14740 | Lair:4   | XOM: stat loss: -1 Str (21/22)
 14943 | Lair:5   | Noticed Snorg
 14952 | Lair:5   | XOM: fog
 14958 | Lair:5   | XOM: cleaving
 14963 | Lair:5   | Killed Snorg
 14984 | Lair:5   | Noticed a seven-headed hydra
 14990 | Lair:5   | XOM: summons 5 friendly demons
 14992 | Lair:5   | Killed a seven-headed hydra
 15038 | Lair:5   | XOM: summons 2 friendly demons
 15048 | Lair:5   | XOM: smoke on damage
 15054 | Lair:5   | XOM: blink monster(s)
 15060 | Lair:5   | Reached skill level 10 in Dodging
 15060 | Lair:5   | Reached XP level 13. HP: 104/139 MP: 12/12
 15113 | Lair:5   | Found a viscous altar of Jiyva.
 15114 | Lair:5   | Found a staircase to the Slime Pits.
 15203 | Lair:5   | XOM: enchant monster (good)
 15290 | Lair:5   | XOM: enchant monster (good)
 15294 | Lair:5   | XOM: potion effect (berserk rage)
 15298 | Lair:5   | XOM: divination: detect items
 15365 | Lair:5   | XOM: noise
 15467 | Lair:5   | Found a runed translucent gate.
 15467 | Lair:5   | Found a runed translucent gate.
 15467 | Lair:5   | Found a runed translucent gate.
 15467 | Lair:5   | XOM: 3-stop teleportation journey
 15646 | Lair:5   | XOM: stat loss: -1 Dex (11/12)
 15652 | Lair:5   | Reached skill level 16 in Fighting
 15652 | Lair:5   | XOM: give mutation
 15652 | Lair:5   | Lost mutation: You have a pair of large horns on your head.
                  | [Xom's mischief]
 15656 | Lair:5   | XOM: give mutation
 15656 | Lair:5   | Lost mutation: You are robust. (+10% HP) [Xom's mischief]
 15671 | Lair:5   | XOM: blink monster(s)
 15680 | Lair:5   | XOM: confuse monster(s)
 16003 | Lair:4   | XOM: silly message
 16072 | Lair:5   | XOM: 5-stop teleportation journey
 16098 | Lair:5   | XOM: summons 2 hostile demons
 16103 | Lair:5   | XOM: chaos cloud
 16104 | Lair:5   | Paralysed by you for 2 turns
 16109 | Lair:5   | XOM: smoke on damage
 16405 | Orc:1    | Entered Level 1 of the Orcish Mines
 16446 | Orc:1    | XOM: draining
 16537 | Orc:1    | Noticed an ettin
 16538 | Orc:1    | Found a dark tunnel.
 16544 | Orc:1    | XOM: summons 7 hostile demons
 16546 | Orc:1    | Killed an ettin
 16586 | Orc:1    | Reached skill level 1 in Evocations
 16625 | Volcano  | Entered a volcano
 16775 | Volcano  | XOM: stat loss: -1 Str (21/22)
 16776 | Volcano  | XOM: give mutations
 16776 | Volcano  | Gained mutation: Your body sometimes deteriorates upon
                  | taking damage. [Xom's mischief]
 16776 | Volcano  | Gained mutation: You are frail. (-10% HP) [Xom's mischief]
 16776 | Volcano  | Lost mutation: You are agile. (Dex +2) [Xom's mischief]
 16802 | Volcano  | Noticed a fire dragon
 16805 | Volcano  | Noticed a ghost moth
 16805 | Volcano  | a fire dragon changed into a ghost moth
 16805 | Volcano  | XOM: polymorph fire dragon -> ghost moth
 16830 | Volcano  | Killed a ghost moth
 17214 | Orc:1    | Noticed an orc warlord
 17236 | Orc:1    | XOM: polymorph warg -> rime drake
 17237 | Orc:1    | XOM: swap monsters
 17242 | Orc:1    | XOM: silly message
 17256 | Orc:1    | XOM: enchant monster (bad)
 17389 | D:10     | XOM: torment (50/117 hp)
 17403 | D:10     | XOM: torment (34/117 hp)
 17407 | D:10     | XOM: stat loss: -1 Int (7/9)
 17408 | D:10     | XOM: summons 7 hostile demons
 17411 | D:10     | XOM: confuse monster(s)
 17479 | D:10     | XOM: give mutations
 17479 | D:10     | Lost mutation: You have sharp toenails. [Xom's mischief]
 17479 | D:10     | Gained mutation: You are dopey. (Int -2) [Xom's mischief]
 17479 | D:10     | Lost mutation: You are strong-willed. (Will+) [Xom's
                  | mischief]
 17479 | D:10     | Lost mutation: Your movements are slightly less encumbered
                  | by armour. (ER -2) [Xom's mischief]
 17551 | Orc:1    | XOM: confusion
 17611 | D:10     | Found a staircase to the Orcish Mines.
 17675 | D:10     | Killed an orc warlord
 17725 | D:10     | XOM: silly message
 17962 | Orc:2    | Entered Level 2 of the Orcish Mines
 18032 | Orc:2    | Noticed Saint Roka
 18092 | Orc:2    | XOM: scenery: create altars
 18431 | Orc:2    | XOM: confusion
 18449 | Orc:2    | XOM: god gift: blackened tourmaline ring {god gift}
 18572 | Orc:2    | XOM: summons 1 hostile shadow creature
 18850 | Orc:2    | Found a staircase to the Elven Halls.
 18907 | Orc:2    | XOM: 1-stop teleportation journey
 19048 | Orc:2    | Noticed Urug
 19060 | Orc:2    | Killed Urug
 19075 | Orc:2    | XOM: chaos upgrade
 19080 | Orc:2    | Found Nofexae's Weapon Boutique.
 19109 | Orc:2    | Bought 3 datura-tipped darts for 16 gold pieces
 19158 | Orc:2    | Reached skill level 5 in Throwing
 19193 | Orc:2    | Reached XP level 14. HP: 105/124 MP: 13/13
 19217 | Orc:2    | Noticed an orc warlord
 19246 | Orc:2    | Killed an orc warlord
 19247 | Orc:2    | Reached skill level 17 in Fighting
 19349 | Orc:2    | Found Pinauck's Antique Armour Boutique.
 19351 | Orc:2    | Found Noun Rih's Antique Weapon Shop.
 19876 | Orc:2    | HP: 5/120 [Saint Roka/divine providence (16)]
 20035 | Orc:2    | XOM: chaos cloud
 20052 | Orc:2    | XOM: silly message
 20070 | Orc:2    | XOM: summons 7 hostile demons
 20073 | Orc:2    | XOM: cast spell 'Dispersal'
 20074 | Orc:2    | Mangled by Saint Roka

Illustrated notes

Levels and vault maps discovered:
D:1:      dpeg_arrival_morbid_curiosity, layout_loops_ring, minivault_24,
          minmay_pentomino_p2
D:2:      layout_basic, minmay_rat_gold_closets, uniq_robin, uniq_terence
D:3:      layout_loops_cross
D:4:      layout_basic, grunt_ministairs_3
D:5:      layout_basic, minmay_manual_mullet
D:6:      layout_rooms, minmay_temple_entry_hall, st_stairs_11,
          grunt_decor_arrowhead, kennysheep_potato
D:7:      layout_loops_ring, chequers_serial_rivers_small_3
D:8:      layout_rooms, enter_bailey_5
D:9:      wander_kiku_kobolds, layout_cave_pods, nicolae_overflow_hidden_temple,
          mainiacjoe_overflow_surrounded_room, serial_glass, glass_columns_b,
          glass_columns_a, glass_columns_b, glass_columns_b, glass_columns_c,
          glass_columns_a, glass_columns_b, glass_columns_a
D:10:     layout_gridville, cheibrodos_ashenzari_chains, dpeg_oklobed_lair,
          minmay_orc_entry_guard_dogs, serial_shops, shop
D:11:     layout_basic
Lair:1:   layout_regular_city
Lair:2:   layout_cave_shapes, pond, infiniplex_staircase_pool
Lair:3:   pond_and_an_island_with_a_cottage, layout_misc_corridors,
          elwin_shoals_entry_stream, nicolae_spider_entry_non_spiders
Lair:4:   layout_regular_city
Lair:5:   layout_gridlike, dpeg_slime_entry_enclosed_altar,
          maelrawn_ghost_gauntlet_escape, grunt_megastairs_1, uniq_snorg
Orc:1:    layout_diamond_mine, enter_volcano_1
Orc:2:    grunt_orc_community_town_hall, layout_caves,
          grunt_orc_community_big_house_2, grunt_orc_community_big_house_1,
          grunt_orc_community_house_3, grunt_orc_community_house_2,
          grunt_orc_community_house_2, grunt_orc_community_house_3,
          grunt_orc_community_house_2, nicolae_orc_bridge_out, uniq_urug,
          uniq_saint_roka

Skill      XL: |  1  2  3  4  5  6  7  8  9 10 11 12 13 14 |
---------------+-------------------------------------------+-----
Fighting       | 4 5 6 7 9 10 12 14 15 16 17 | 17.0
Long Blades    | 4 5 6 8 9 10 11 12 | 12.5
Armour         | 3 4 5 6 7 8 10 11 12 | 12.2
Dodging        | 2 3 4 5 6 7 8 10 11 | 11.0
Shields        | 2 4 6 7 9 10 11 | 11.0
Throwing       | 3 5 |  5.2
Evocations     | 2 3 |  3.0

Action                   |  1- 3 |  4- 6 |  7- 9 | 10-12 | 13-15 || total
-------------------------+-------+-------+-------+-------+-------++-------
Melee: Falchion          |    70 |    87 |   251 |    51 |       ||   459
       Headbutt          |    19 |    13 |    44 |   142 |   102 ||   320
       Punch             |     1 |       |       |       |       ||     1
       Short sword       |       |       |       |   553 |   100 ||   653
       Kick              |       |       |       |   199 |    86 ||   285
       Demon blade       |       |       |       |       |   349 ||   349
Throw: Boomerang         |       |       |     6 |     5 |    36 ||    47
       Dart              |       |       |       |       |    18 ||    18
       Throwing net      |       |       |       |       |     1 ||     1
Evoke: Wand              |       |       |       |     3 |    11 ||    14
  Use: Scroll            |       |       |     5 |     5 |    15 ||    25
       Potion            |       |       |     2 |       |    10 ||    12
 Stab: Sleeping          |       |       |       |     3 |       ||     3
       Petrifying        |       |       |       |       |     1 ||     1
       Betrayed ally     |       |       |       |       |     1 ||     1
Armor: Leather armour    |    21 |    19 |    57 |    48 |       ||   145
       Steam dragon scal |       |       |       |    70 |       ||    70
       Chain mail        |       |       |       |    56 |   129 ||   185
       Plate armour      |       |       |       |       |    58 ||    58
Dodge: Dodged            |    34 |    33 |   127 |   260 |   191 ||   645
Block: Buckler           |       |       |    55 |   142 |    54 ||   251
       Reflection        |       |       |       |     2 |       ||     2
       Kite shield       |       |       |       |       |    95 ||    95
